 Dungeon Crawl Stone Soup version 0.28.0-53-g5a82cb258f (webtiles) character file.

Game seed: 15928847357159248782

2 Peloso the Skirmisher (level 1, -1/20 HPs)
             Began as a Minotaur Fighter on May 29, 2022.
             Slain by a hobgoblin (3 damage)
             ... on level 1 of the Dungeon.
             The game lasted 00:00:35 (24 turns).

Peloso the Skirmisher (Minotaur Fighter)              Turns: 24, Time: 00:00:35

Health: -1/20      AC:  7    Str: 20    XL:     1   Next: 33%
Magic:  0/0        EV:  9    Int:  5    God:
Gold:   15         SH:  4    Dex:  9    Spells: 0/0 levels left

rFire   . . .      SeeInvis .   a - +0 long sword
rCold   . . .      Faith    .   c - +0 buckler
rNeg    . . .      Spirit   .   b - +0 scale mail
rPois   .          Reflect  .   (helmet restricted)
rElec   .          Harm     .   (no cloak)
rCorr   .          Rampage  .   (no gloves)
Will    .....                   (no boots)
Stlth   ..........              (no amulet)
HPRegen 0.06/turn               (no ring)
MPRegen 0.07/turn               (no ring)

@: no status effects
A: horns 2, retaliatory headbutt
a: no special abilities


You were on level 1 of the Dungeon.
You visited 1 branch of the dungeon, and saw 1 of its levels.

You collected 15 gold pieces.

Inventory:

Hand Weapons
 a - a +0 long sword (weapon)
Armour
 b - a +0 scale mail (worn)
 c - a +0 buckler (worn)
Potions
 d - a potion of might


   Skills:
 + Level 3.7 Fighting
 + Level 2.4 Long Blades
 + Level 3.7 Armour
 + Level 3.7 Shields


You couldn't memorise any spells.
You didn't know any spells.
Your spell library was empty.

Dungeon Overview and Level Annotations

Branches:
Dungeon (1/15)

Altars:


Innate Abilities, Weirdness & Mutations

You have a pair of horns on your head.
You reflexively headbutt those who attack you in melee.


Message History

You enter the shallow water.
Moving in this stuff is going to be slow.
A hobgoblin and a kobold come into view.
The hobgoblin shouts!
The kobold shouts!
You hear a shout!
The hobgoblin hits you.
A hobgoblin and a frilled lizard come into view.
The hobgoblin shouts!
The frilled lizard hisses angrily.
The hobgoblin hits you.
A ball python comes into view.
You barely miss the hobgoblin.
The hobgoblin hits you but does no damage.
You closely miss the hobgoblin.
A giant cockroach comes into view.
You block the frilled lizard's attack. You block the hobgoblin's attack.
The kobold hits you but does no damage.
You closely miss the hobgoblin. The frilled lizard barely misses you.
You block the hobgoblin's attack. The kobold completely misses you.
The frilled lizard bites you. The hobgoblin hits you.
You barely miss the hobgoblin. Your headbutt misses the hobgoblin.
The kobold hits you but does no damage. The frilled lizard closely misses you.
The hobgoblin barely misses you.
Unknown command.
You hit the hobgoblin.
You kill the hobgoblin!
The kobold closely misses you. The frilled lizard barely misses you.
The hobgoblin hits you but does no damage.
The kobold hits you but does no damage.
The hobgoblin hits you but does no damage.
You hit the hobgoblin.
The hobgoblin is heavily wounded.
The ball python closely misses you. The ball python misses you.
The frilled lizard closely misses you. The hobgoblin hits you.
You block the kobold's attack.
The ball python bites you but does no damage.
You block the ball python's attack. The hobgoblin hits you.
* * * LOW HITPOINT WARNING * * *
The frilled lizard bites you.
* * * LOW HITPOINT WARNING * * *
The hobgoblin hits you.
You die...

#....... #......
#######.....
........... ..........
.........
......Sl########
.....BK.@?......
.######gg≈######
#...#≈.#.#
#....##≈.#.#.###.≈≈≈≈
##...##≈.#.#.#...≈...
+...+.≈.#.#.#.≈≈≈.####
#...#.≈.#.#...≈.......
#...#.≈...#.≈≈≈.≈≈≈≈≈.
#. #.≈≈≈.#.≈...≈...≈.


You could see a giant cockroach, 2 hobgoblins, a ball python, a kobold and a
frilled lizard.

Vanquished Creatures
  A ball python (D:1)
  A hobgoblin (D:1)
2 creatures vanquished.

Notes
Turn   | Place    | Note
-------+----------+-------------------------------------------
     0 | D:1      | Peloso the Minotaur Fighter began the quest for the Orb.
     0 | D:1      | Reached XP level 1. HP: 19/19 MP: 0/0
    24 | D:1      | Slain by a hobgoblin

Illustrated notes

Levels and vault maps discovered:
D:1:      psy_arrival_radial02, layout_basic

Action                   || total
-------------------------++-------
Melee: Long sword        ||     7
Armor: Scale mail        ||     7
Dodge: Dodged            ||     9
Block: Buckler           ||     5
